 Dungeon Crawl Stone Soup version 0.20.1-1-g8b1a95d (webtiles) character file.

207 MinusOne the Digger (level 5, -9/28 HPs)
             Began as a Gargoyle Earth Elementalist on Aug 26, 2017.
             Mangled by an ogre
             ... wielding a +0 giant club
              (25 damage)
             ... on level 4 of the Dungeon.
             The game lasted 00:15:55 (3387 turns).

MinusOne the Digger (Gargoyle Earth Elementalist)   Turns: 3387, Time: 00:15:56

Health: -9/28      AC:  9    Str: 11    XL:     5   Next: 85%
Magic:  1/11       EV: 12    Int: 17    God:
Gold:   262        SH:  0    Dex: 10    Spells: 8/12 levels left

rFire    . . .     SeeInvis .   h - +1 short sword (drain)
rCold    . . .     Gourm    .   (no shield)
rNeg     + . .     Faith    .   c - +0 robe
rPois    ∞         Spirit   .   (no helmet)
rElec    +         Reflect  .   (no cloak)
rCorr    .         Harm     .   (no gloves)
MR       .....                  j - +2 pair of boots
Stlth    ++........             (no amulet)
Regen    0.1/turn               (no ring)
MPRegen  0.2/turn               (no ring)

@: about to teleport
A: negative energy resistance 1, electricity resistance, unbreathing,
petrification resistance, rot immunity, AC +4
a: no special abilities


You were on level 4 of the Dungeon.
You were hungry.

You visited 1 branch of the dungeon, and saw 4 of its levels.

You collected 262 gold pieces.

Inventory:

Hand Weapons
 f - a +0 dagger
 h - a +1 short sword of draining (weapon)
 m - a +0 antimagic spear
Missiles
 b - 52 stones (quivered)
Armour
 c - a +0 robe (worn)
 j - a +2 pair of boots (worn)
Jewellery
 s - an uncursed ring of wizardry {unknown}
 x - an uncursed ring of stealth {unknown}
 y - a cursed -2 ring of strength
Scrolls
 g - 5 scrolls of identify
 l - a scroll of enchant armour
 o - a scroll of teleportation
 p - 2 scrolls of remove curse
 w - 2 scrolls of recharging
Potions
 a - a potion of might {unknown}
 i - a potion of haste {unknown}
 n - a potion of degeneration {unknown}
 q - a potion of curing
 t - a potion of berserk rage {unknown}
 u - a potion of brilliance {unknown}
 A - a potion of ambrosia {unknown}
Books
 e - a book of Geomancy

   Spells                             Type                      Level
   a - Sandblast                      Earth                        1
   b - Passwall                       Transmutation/Earth          2
   c - Stone Arrow                    Conjuration/Earth            3
   d - Petrify                        Transmutation/Earth          4
   e - Lee's Rapid Deconstruction     Earth                        5
Comestibles
 d - 4 bread rations
 k - a meat ration
 r - 3 royal jellies


   Skills:
 - Level 1.5 Dodging
 - Level 2.1 Stealth
 + Level 4.1 Spellcasting
   Level 0.7 Transmutations
 + Level 5.9 Earth Magic


You had 8 spell levels left.
You knew the following spells:

 Your Spells              Type           Power        Failure   Level  Hunger
a - Sandblast             Erth           ###...       1%          1    None
b - Stone Arrow           Conj/Erth      ##....       14%         3    ###....


Dungeon Overview and Level Annotations

Branches:
Dungeon (4/15)
 Temple: D:4-7

Altars:
Xom
Yredelemnul
The Shining One

Annotations:
D:4 bufferunderpants's ghost, amateur CeSk


Innate Abilities, Weirdness & Mutations

You are resistant to torment.
Your stone body is resilient. (AC +4)
You are immune to poison.
You resist negative energy. (rN+)
You are resistant to electric shocks. (rElec)
You can survive without breathing.
You are immune to petrification.
You are immune to rotting.


Message History

An ogre comes into view. It is wielding a giant club.
You start resting.
Casting: Stone Arrow
Confirm with . or Enter, or press ? or * to list all spells.
Aiming: Stone Arrow
Press: ? - help, Shift-Dir - straight line, f - ogre
Aim: an ogre, wielding a giant club The stone arrow misses the ogre.
Casting: Stone Arrow
Confirm with . or Enter, or press ? or * to list all spells.
Aiming: Stone Arrow
Press: ? - help, Shift-Dir - straight line, f/p - ogre
Aim: an ogre, wielding a giant club The stone arrow hits the ogre.
The ogre is lightly wounded.
You are feeling hungry.
As you read the scroll of teleportation, it crumbles to dust.
You feel strangely unstable. The ogre hits you with a giant club!!
Ouch! That really hurt!
You die...

#.# #.......... #.#
##.......... #.#
#.........# ####. #.#
#.........# ..... #.#
#.........# ..... #.#
#.........# .....
#.###.........# ....#
#######O............#
....#
.......@##..........#
....#
........##.########'##
....# .........#.
#........# ....#
.........# #........#
....# ..........
..........# ....#
........##.#.........###
##### ........#
.#............
###############+##
#..).###'####
................###.#....
#.....


You could see an ogre.

Vanquished Creatures
  An ogre (D:3)
  6 adders
  A shadow imp (D:3)
  An ooze (D:4)
  2 worms (D:2)
  A dart slug (D:1)
  A leopard gecko (D:3)
  A ball python (D:3)
  A giant cockroach (D:4)
  6 hobgoblins
  3 jackals
  2 quokkas (D:3)
  6 bats
  6 goblins
  7 kobolds
  4 rats
49 creatures vanquished.

Notes
Turn   | Place    | Note
-------+----------+-------------------------------------------
     0 | D:1      | MinusOne the Gargoyle Earth Elementalist began the quest for the Orb.
     0 | D:1      | Reached XP level 1. HP: 10/10 MP: 3/3
   240 | D:1      | Reached XP level 2. HP: 15/15 MP: 1/5
   395 | D:1      | Reached skill level 4 in Earth Magic
   807 | D:2      | Reached XP level 3. HP: 19/19 MP: 2/7
   835 | D:2      | Learned a level 3 spell: Stone Arrow
   980 | D:2      | Found a shimmering altar of Xom.
   982 | D:2      | Found a shimmering altar of Xom.
   999 | D:2      | Found a shimmering altar of Xom.
  1555 | D:2      | You fall through a shaft for 2 floors!
  1691 | D:3      | Reached XP level 4. HP: 22/24 MP: 4/8
  1739 | D:3      | Reached skill level 5 in Earth Magic
  1894 | D:3      | Found a basalt altar of Yredelemnul.
  2301 | D:3      | Noticed an ogre
  2333 | D:3      | Killed an ogre
  2333 | D:3      | Reached XP level 5. HP: 25/28 MP: 0/10
  2541 | D:3      | Found a glowing golden altar of the Shining One.
  2726 | D:3      | Found a faded altar of an unknown god.
  3334 | D:4      | Noticed bufferunderpants's ghost (amateur CeSk)
  3356 | D:4      | Noticed an ogre
  3387 | D:4      | Mangled by an ogre

Skill      XL: |  1  2  3  4  5 |
---------------+----------------+-----
Earth Magic    | 4 5 |  5.9
Spellcasting   | 3 4 |  4.1
Dodging        | |  1.5
Stealth        | |  2.1
Transmutations | |  0.7

Action                   |  1- 3 |  4- 6 || total
-------------------------+-------+-------++-------
Melee: Short sword       |     1 |     8 ||     9
 Cast: Sandblast         |    42 |     6 ||    48
       Stone Arrow       |       |    33 ||    33
  Use: Scroll            |       |    14 ||    14
       Potion            |       |     1 ||     1
  Eat: Chunk             |     2 |     4 ||     6
       Bread ration      |     1 |       ||     1
Armor: Robe              |     7 |     8 ||    15
Dodge: Dodged            |    11 |     9 ||    20
